 Dungeon Crawl Stone Soup version 0.18-a0-1577-gf591c28 (webtiles) character file.

427 Azzok the Basher (level 6, -11/51 HPs)
             Began as a Minotaur Fighter on Mar 22, 2016.
             Was an Initiate of Okawaru.
             Mangled by an ogre
             ... wielding a +0 giant spiked club
              (18 damage)
             ... on level 5 of the Dungeon.
             The game lasted 00:09:29 (3796 turns).

Azzok the Basher (Minotaur Fighter)                 Turns: 3796, Time: 00:09:29

Health: -11/51     AC: 12    Str: 28    XL:     6   Next: 65%
Magic:  5/5        EV:  6    Int:  5    God:    Okawaru [......]
Gold:   172        SH: 10    Dex:  9    Spells: 0 memorised, 5 levels left

rFire  . . .     SeeInvis .     w - +2 hand axe (elec)
rCold  . . .     Gourm    .     o - +2 chain mail {MR+}
rNeg   . . .     Faith    .     c - +0 shield
rPois  .         Spirit   .     (helmet restricted)
rElec  .         Dismiss  .     u - +0 cloak
rCorr  .         Reflect  .     (no gloves)
SustAt .         Harm     .     (no boots)
MR     +....                    (no amulet)
Stlth  ..........               (no ring)
                                (no ring)

@: mighty, lethally poisoned (-11 -> -12), somewhat resistant to hostile
enchantments, extremely unstealthy
A: retaliatory headbutt, horns 2
a: Renounce Religion


You were on level 5 of the Dungeon.
You worshipped Okawaru.
Okawaru was noncommittal.
You were not hungry.

You visited 2 branches of the dungeon, and saw 6 of its levels.

You collected 172 gold pieces.

Inventory:

Hand Weapons
 a - a +1 mace of crushing
 w - a +2 hand axe of electrocution (weapon)
Armour
 c - a +0 shield (worn)
 o - a +2 chain mail of magic resistance (worn)
 u - a +0 cloak (worn)
Jewellery
 e - a cursed amulet of inaccuracy {unknown}
Wands
 n - a wand of digging (1/24)
Scrolls
 b - a scroll of fear {unknown}
 g - 2 scrolls of fog {unknown}
 j - 3 scrolls of noise {unknown}
 k - 2 scrolls of enchant armour {unknown}
 m - 4 scrolls of identify {unknown}
 p - 4 scrolls of remove curse {unknown}
 s - 3 scrolls of teleportation {unknown}
 t - a scroll of random uselessness {unknown}
 y - 2 scrolls of holy word {unknown}
Potions
 h - 4 potions of curing {unknown}
 l - a potion of degeneration {unknown}
 r - 3 potions of lignification {unknown}
 v - a potion of ambrosia {unknown}
 z - a potion of magic {unknown}
Books
 q - a book of Clouds

   Spells                             Type                      Level
   a - Mephitic Cloud                 Conjuration/Poison/Air       3
   b - Conjure Flame                  Conjuration/Fire             3
   c - Poisonous Cloud                Conjuration/Poison/Air       6
   d - Freezing Cloud                 Conjuration/Ice/Air          6
   e - Ring of Flames                 Charms/Fire                  7
Comestibles
 f - 3 bread rations
 i - 2 meat rations
 x - a slice of pizza


   Skills:
 - Level 3.6 Fighting
 + Level 2.0(5.6) Axes
 - Level 8.3(8.5) Maces & Flails
 - Level 3.6 Armour
 - Level 3.6 Shields


You had 5 spell levels left.
You didn't know any spells.

Dungeon Overview and Level Annotations

Branches:
Dungeon (5/15)             Temple (1/1) D:4

Altars:
Cheibriados
Elyvilon
Fedhas
Gozag
Kikubaaqudgha
Makhleb
Nemelex Xobeh
Okawaru
Qazlal
Trog
Vehumet
Yredelemnul
Zin
The Shining One

Annotations:
D:5 M4edhros's ghost, novice OpAr


Innate Abilities, Weirdness & Mutations

You reflexively headbutt those who attack you in melee.
You have a pair of horns on your head.


Message History

You slash the centaur skeleton!
There is a sudden explosion of sparks!
You destroy the centaur skeleton!
Okawaru accepts your kill.
Your base Axes skill increases to level 2!
You slash the ogre!
The ogre is heavily wounded.
The ogre hits you with a giant spiked club!
* * * LOW HITPOINT WARNING * * *
Your shield and chain mail prevent you from hitting the ogre.
The ogre is heavily wounded.
You block the ogre's attack.
Unknown command.
Okay, then.
You hit the ogre.
The ogre is severely wounded.
You feel sick.
You barely miss the ogre.
The ogre is severely wounded.
The ogre hits you with a giant spiked club!!
You die...

···▒ ··▒ ····
▒▒▒▒▒··▒▒▒··· ···
·········· ·· ···
·▒······>▒ ▒· ▒····
(········▒ ▒·▒▒▒·▒·▒
·········▒ ··▒▒·▒·▒ ·▒
·▒·······▒▒▒▒·▒▒·▒·▒
▒·▒
(·········W·OZ·▒@▒·▒
▒·▒
·▒▒▒▒·▒···Z··▒·▒O▒·▒
▒·▒
▒·▒······▒··W▒·▒▒▒▒▒▒·▒
▒·▒······▒▒··▒·▒······▒
▒·▒▒▒▒▒▒▒▒▒··▒········▒
▒╬ ▒▒·▒········▒
▒·······▒▒·▒
▒·······▒▒·▒
▒·······▒▒·▒


You could see an ogre and M4edhros's ghost.

Vanquished Creatures
  A giant frog skeleton (D:4)
  A centaur skeleton (D:5)
  An orc priest (D:3)
  Crazy Yiuf (D:3)
  Ijyb (D:2)
  2 worker ants (D:4)
  2 orc wizards
  Robin (D:2)
  5 adders
  An ooze (D:2)
  3 worms
  5 dart slugs
  3 giant geckos
  18 orcs
  2 giant cockroaches
  14 goblins
  9 hobgoblins
  6 kobolds
  A ball python (D:2)
  6 bats
  6 giant newts
  A quokka skeleton (D:4)
  6 rats
96 creatures vanquished.

Notes
Turn   | Place    | Note
--------------------------------------------------------------
     0 | D:1      | Azzok the Minotaur Fighter began the quest for the Orb.
     0 | D:1      | Reached XP level 1. HP: 19/19 MP: 0/0
   247 | D:1      | Reached skill level 3 in Maces & Flails
   468 | D:1      | Reached XP level 2. HP: 26/26 MP: 1/1
   791 | D:2      | Noticed Ijyb
   841 | D:2      | Killed Ijyb
   841 | D:2      | Reached skill level 4 in Maces & Flails
   841 | D:2      | Reached XP level 3. HP: 13/31 MP: 2/2
  1161 | D:2      | Reached skill level 5 in Maces & Flails
  1276 | D:2      | Reached XP level 4. HP: 32/39 MP: 3/3
  1312 | D:2      | Found a white marble altar of Elyvilon.
  1360 | D:2      | Noticed Robin
  1370 | D:2      | Killed Robin
  1433 | D:2      | Reached skill level 6 in Maces & Flails
  1656 | D:2      | Found a basalt altar of Yredelemnul.
  1993 | D:3      | Reached XP level 5. HP: 35/45 MP: 4/4
  2004 | D:3      | Reached skill level 7 in Maces & Flails
  2347 | D:3      | Noticed Crazy Yiuf
  2358 | D:3      | Killed Crazy Yiuf
  2664 | D:4      | Reached XP level 6. HP: 51/51 MP: 5/5
  2769 | D:4      | Reached skill level 8 in Maces & Flails
  2879 | D:4      | Found a staircase to the Ecumenical Temple.
  2897 | Temple   | Entered the Ecumenical Temple
  3051 | Temple   | Became a worshipper of Warmaster Okawaru
  3377 | D:4      | Reached skill level 1 in Axes
  3634 | D:5      | Entered Level 5 of the Dungeon
  3774 | D:5      | Noticed M4edhros's ghost (novice OpAr)
  3796 | D:5      | Mangled by an ogre

Vault maps used:
D:1:      dpeg_arrival_solitude
D:2:      kennysheep_ying_yang, first_bread, uniq_robin, uniq_iyjb
D:3:      uniq_crazy_yiuf_cottage
D:4:      minmay_temple_entry_overgrown, minivault_1, grunt_decor_cap,
          grunt_ministairs_4, minmay_unequal
Temple:   hc_temple_tempest_star

Skill      XL: |  1  2  3  4  5  6 |
---------------+-------------------+-----
Maces & Flails | 3 4 5 6 7 8 |  8.3
Axes           | 2 |  2.0
Fighting       | |  3.6
Armour         | |  3.6
Shields        | |  3.6

Action                   |  1- 3 |  4- 6 || total
-------------------------+-------+-------++-------
Melee: Flail             |    89 |    29 ||   118
       Mace              |       |   111 ||   111
       Hand axe          |       |    25 ||    25
  Use: Potion            |       |     1 ||     1
  Eat: Chunk             |     1 |     8 ||     9
